Map: 포트 알렉산더 - 래더

Players

uThermal

  • Race: Terran Terran
  • Spawn Location: 11:00

soO - Winner!

  • Race: Zerg Zerg
  • Spawn Location: 5:00

Event: IEM Season 13: Katowice (2019)

VOD

Have the link to the VOD?

Description

Time

  • Played on: March 1, 2019, 2:19 p.m.
  • Length: 7:55

All games in this series

Show
View Real Time Build Order
Export as new Build Order

uThermal Terran 

Build Orders:  

Get SALT Encoding   

  12  0:01  SCV  
  13  0:13  SCV  
  14  0:20  Supply Depot  
  14  0:25  SCV  
  15  0:42  Barracks  
  15  0:44  SCV  
  16  0:56  Barracks  
  16  1:00  SCV  
  17  1:06  Refinery  
  17  1:12  SCV  
  18  1:29  Orbital Command, Marine  
  19  1:40  Bunker  
  19  1:43  Marine  
  19  1:46  Marine  
  20  1:50  Supply Depot  
  21  1:55  SCV  
  21  2:01  Marine  
  23  2:12  Marine  
  24  2:16  Refinery, SCV  
  25  2:26  Factory, Marine  
  25  2:28  SCV  
  26  2:30  Marine  
  26  2:35  Bunker  
  27  2:40  SCV  
  28  2:44  Marine  
  28  2:45  Supply Depot  
  30  2:53  SCV  
  29  3:05  SCV  
  28  3:09  Factory Reactor  
  28  3:21  SCV  
  28  3:22  Command Center  
  25  3:31  Starport  
  23  3:35  Command Center  
  23  3:36  SCV  
  23  3:40  Refinery  
  24  3:46  Hellion  
  24  3:47  Hellion  
  24  3:48  SCV  
  29  3:56  Supply Depot  
  29  4:07  Hellion  
  29  4:09  Hellion  
  33  4:17  Viking  
  33  4:19  SCV  
  35  4:29  Hellion  
  37  4:33  Hellion  
  37  4:35  SCV  
  40  4:38  Barracks Tech Lab  
  40  4:48  Medivac  
  40  4:51  SCV  
  40  4:52  Hellion  
  45  4:54  Hellion  
  45  4:58  Marine  
  45  4:59  Stimpack  
  48  5:03  SCV  
  49  5:08  Orbital Command  
  49  5:15  SCV  
  49  5:19  Marine  
  51  5:27  SCV  
  52  5:32  Supply Depot  
  52  5:34  Starport Reactor, SCV  
  53  5:39  SCV, Factory Tech Lab  
  54  5:46  SCV  
  54  5:47  Command Center  
  55  5:51  SCV  
  55  5:55  Supply Depot  
  56  5:57  Marine  
  56  5:59  SCV  
  58  6:05  SCV  
  58  6:07  Barracks  
  58  6:08  Barracks  
  60  6:11  SCV  
  60  6:17  Siege Tank, SCV  
  64  6:20  Marine  
  64  6:23  SCV  
  64  6:25  Starport Reactor  
  66  6:28  Engineering Bay  
  66  6:29  SCV  
  66  6:31  Engineering Bay  
  67  6:35  Refinery, SCV  
  67  6:37  Refinery  
  67  6:38  Marine  
  69  6:41  SCV  
  70  6:47  SCV  
  70  6:49  Siege Tank  
  70  6:53  SCV  
  74  6:55  Marine  
  74  6:56  Marine  
  74  7:00  Marine  
  74  7:01  SCV  
  69  7:03  Marine  
  69  7:05  SCV  
  57  7:13  SCV, Marine  
  57  7:14  Marine  
  50  7:17  SCV  
  50  7:18  Marine  
  50  7:21  Marine  
  50  7:22  Siege Tank  
  38  7:31  Marine x2  
  38  7:35  Marine  
Show
View Real Time Build Order
Export as new Build Order

soO Zerg - Winner!

Build Orders: Hatch First 

Get SALT Encoding   

  12  0:00  Drone  
  13  0:12  Overlord  
  13  0:18  Drone  
  14  0:31  Drone x2  
  14  0:34  Drone  
  17  0:52  Hatchery  
  17  0:55  Drone  
  17  0:58  Drone  
  18  1:09  Extractor  
  17  1:13  Spawning Pool  
  17  1:17  Drone  
  17  1:21  Drone  
  18  1:28  Drone  
  19  1:40  Overlord  
  19  1:51  Drone  
  20  1:59  Queen  
  20  2:00  Zergling x2  
  23  2:03  Queen  
  25  2:11  Roach Warren  
  25  2:12  Metabolic Boost  
  24  2:16  Zergling x2  
  24  2:19  Zergling x2  
  26  2:25  Zergling x2  
  26  2:26  Zergling x2  
  26  2:29  Zergling x2  
  29  2:35  Queen  
  26  3:03  Zergling x12  
  32  3:14  Zergling x6  
  34  3:23  Drone x2  
  35  3:34  Overlord  
  35  3:38  Overlord  
  35  3:53  Drone  
  36  3:56  Drone x4  
  36  3:57  Drone x2  
  36  4:00  Drone  
  43  4:05  Drone x2  
  43  4:06  Drone  
  46  4:15  Drone  
  47  4:21  Drone, Hatchery  
  47  4:24  Drone  
  47  4:28  Overlord  
  48  4:35  Queen  
  48  4:36  Overlord  
  50  4:38  Drone  
  50  4:45  Overlord  
  51  4:49  Drone x3  
  54  4:53  Drone  
  54  4:55  Drone  
  54  4:56  Drone  
  57  5:01  Drone x2  
  57  5:02  Drone  
  57  5:03  Roach Warren  
  59  5:08  Extractor  
  59  5:09  Drone x2  
  59  5:10  Extractor  
  59  5:22  Overlord  
  59  5:24  Overlord  
  59  5:36  Drone  
  60  5:43  Roach x8  
  60  5:49  Roach x2  
  80  5:52  Overlord  
  74  6:20  Drone x2  
  76  6:29  Zergling x8  
  76  6:30  Zergling x16  
  88  6:34  Ravager x5  
  88  6:38  Zergling x4  
  95  6:42  Ravager, Overlord  
  95  6:46  Overlord  
  89  7:01  Zergling x2  
  72  7:10  Zergling x18  
  72  7:23  Roach  
  72  7:26  Zergling x4  
  72  7:27  Zergling x6  
  70  7:36  Zergling x8  

Tags
 
Add a new tag
Caveats
  • Supply blocks, unpowered buildings, or Contaminate may cause inaccurate times.
  • Supply counts are checked every 10 seconds.